 Dungeon Crawl Stone Soup version 0.32-a0-814-g0968bab981 (webtiles) character file.

Game seed: 2882415459857932222

0 robwolf the Apothecary (level 1, -2/15 HPs)
             Began as a Djinni Fire Elementalist on Mar 23, 2024.
             Frozen to death by an endoplasm (7 damage)
             ... on level 1 of the Dungeon.
             The game lasted 00:02:30 (82 turns).

robwolf the Apothecary (Djinni Fire Elementalist)     Turns: 82, Time: 00:02:30

Health: -2/15      AC:  2    Str:  7    XL:     1   Next: 11%
Gold:   16         EV: 11    Int: 16    God:
                   SH:  0    Dex: 13

rFire   + + .        (no weapon)
rCold   x . .        (no shield)
rNeg    . . .        a - +0 robe
rPois   ∞            (no helmet)
rElec   .            (no cloak)
rCorr   .            (no gloves)
SInv    .            (boots unavailable)
Will    .....        (no amulet)
Stlth   ++           (no ring)
HPRegen 0.22/turn    (no ring)
MPRegen 0.00/turn

%: infuse magic (-3 HP)
@: flying
A: sickness immunity, fire resistance 2, cold vulnerability 1, float, innate
caster, HP casting, extra vitality 1
a: no special abilities


You were on level 1 of the Dungeon.
You visited 1 branch of the dungeon, and saw 1 of its levels.

You collected 16 gold pieces.

Inventory:

Armour
 a - a +0 robe (worn)
 c - a +0 leather armour


   Skills:
 + Level 2.1 Dodging
 + Level 1.5 Stealth
 + Level 3.1 Spellcasting
 + Level 3.1 Conjurations
 + Level 3.1 Hexes
 + Level 3.1 Summonings
 + Level 3.1 Necromancy
 + Level 3.1 Translocations
 + Level 3.1 Fire Magic
 + Level 3.1 Ice Magic
 + Level 3.1 Air Magic
 + Level 3.1 Earth Magic
 + Level 3.1 Alchemy


You knew the following spells:

 Your Spells              Type           Power      Damage    Failure   Level
a - Foxfire               Conj/Fire      48%        2x1d6     5%          1
b - Scorch                Fire           24%        2d6       8%          2
c - Volatile Blastmotes   Fire/Tloc      24%        2d12      16%         3
d - Inner Flame           Hex/Fire       12%        N/A       16%         3
e - Flame Wave            Conj/Fire      12%        2d6       45%         4
Your spell library was empty.

Dungeon Overview and Level Annotations

Branches:
Dungeon (1/15)

Altars:


Innate Abilities, Weirdness & Mutations

You are immune to sickness and miasma.
You are immune to poison.
Your flesh is very heat resistant. (rF++)
You are vulnerable to cold. (rC-)
You float through the air rather than walking.
You learn spells naturally, not from books.
Your magical power is your life essence.
You have superior vitality. (+4 MHP)


Message History

* * * LOW HITPOINT WARNING * * *
A bat comes into view.
The endoplasm attacks as it pursues you!
The endoplasm hits you but does no damage.
The bat barely misses you.
You hit the bat but do no damage. The bat barely misses you.
The endoplasm closely misses you. The bat hits you but does no damage.
It was a potion of heal wounds.
You feel much better. The endoplasm hits you.
Press: ? - help, v - describe, . - travel The floor.
Casting: Foxfire (safe; 5% risk of failure)
Confirm with . or Enter, or press ? or * to list all spells.
Okay, then.
You barely miss the bat. The bat hits you but does no damage.
The endoplasm barely misses you.
You hit the bat.
The bat is moderately wounded.
The bat hits you but does no damage. x2; The endoplasm barely misses you.
You closely miss the bat.
The bat is moderately wounded.
The bat misses you. The endoplasm barely misses you.
The bat closely misses you.
The endoplasm attacks as it pursues you!
The endoplasm closely misses you. The bat closely misses you.
You hit the bat.
The bat is heavily wounded.
The bat hits you. The endoplasm freezes you.
You are frozen!
You feel a terrible chill! The bat misses you.
The endoplasm attacks as it pursues you!
The endoplasm hits you but does no damage.
The bat barely misses you.
You hit the bat but do no damage.
The bat is heavily wounded.
The bat hits you. The endoplasm freezes you.
You are frozen!
You feel a terrible chill!
You die...

#.# #.# #.#
#.# #.# #.#
#.#
#.##########.#
#.b.@J.......#
#.##########.#
###


You could see an endoplasm and a bat.

Vanquished Creatures
  A bat (D:1)
1 creature vanquished.

Vanquished Creatures (others)
  2 foxfires (D:1)
2 creatures vanquished.

Grand Total: 3 creatures vanquished

Notes
Turn   | Place    | Note
-------+----------+-------------------------------------------
     0 | D:1      | robwolf the Djinni Fire Elementalist began the quest for
                  | the Orb.
     0 | D:1      | robwolf set off with the following spells memorised:
                  | Foxfire, Scorch, Volatile Blastmotes, Inner Flame, Flame
                  | Wave.
     0 | D:1      | Reached XP level 1. HP: 15/15 MP: 0/0
    82 | D:1      | Frozen to death by an endoplasm

Illustrated notes

Levels and vault maps discovered:
D:1:      psy_arrival_basics, layout_basic

Action                     || total
---------------------------++-------
  Melee: Unarmed           ||    13
   Cast: Foxfire           ||     5
    Use: Potion            ||     1
 Armour: Robe              ||    22
  Dodge: Dodged            ||    25

Table legend: (Time is in decaauts)
 A = Elapsed time spent in this place.
 B = Non-inter-level travel time spent in this place.
 C = Inter-level travel time spent in this place.
 D = Time resting spent in this place.
 E = Time spent auto-exploring this place.
 F = Levels seen in this place.
 G = Mean time per level.
                   A        B        C        D        E       F      G
               +--------+--------+--------+--------+--------+-----+--------+
         Total |     82 |     82 |      0 |      0 |      0 |   1 |   82.0 |
       Dungeon |     82 |     82 |      0 |      0 |      0 |   1 |   82.0 |
               +--------+--------+--------+--------+--------+-----+--------+

Top non-repeatable levels by time:
     D:1: 82 daAuts
